 Dungeon Crawl Stone Soup version bcrawl-1.27.6 (webtiles) character file.

Game seed: 5058475398605108972

138537 Faustar the Skirmisher (level 5, -1/35 HPs)
             Began as a Gargoyle Fighter on Sept 6, 2020.
             Killed by divine providence
             ... invoked by an orc priest
              (9 damage)
             ... on level 4 of the Dungeon.
             The game lasted 00:05:56 (3060 turns).

Faustar the Skirmisher (Gargoyle Fighter)           Turns: 3060, Time: 00:05:57

Health: -1/35      AC: 10    Str: 20    XL:     5   Next: 75%
Magic:  0/5        EV: 14    Int:  9    God:
Gold:   200        SH:  0    Dex: 14    Spells: 4/4 levels left

rFire    . . .     SeeInvis .   a - +0 flail
rCold    . . .     Gourm    .   (no shield)
rNeg     + . .     Faith    .   b - +0 scale mail
rPois    ∞         Spirit   +   (no helmet)
rElec    +         Reflect  .   k - scarf {Spirit}
rCorr    .         Harm     .   (no gloves)
MR       .....                  (no boots)
Stlth    ..........             (no amulet)
HPRegen  0.11/turn              (no ring)
MPRegen  0.09/turn              (no ring)

@: confused, agile
A: negative energy resistance 1, electricity resistance, unbreathing,
petrification resistance, rot immunity, AC +4
a: no special abilities


You were on level 4 of the Dungeon.
You were hungry.

You visited 1 branch of the dungeon, and saw 4 of its levels.

You collected 200 gold pieces.

Inventory:

Hand Weapons
 a - a +0 flail (weapon)
Armour
 b - a +0 scale mail (worn)
 c - a +0 medium shield
 k - a scarf of spirit shield (worn)
Jewellery
 l - an uncursed amulet of the acrobat
 q - an uncursed ring of insulation {unknown}
Scrolls
 f - a scroll of blinking {unknown}
 h - a scroll of enchant armour {unknown}
 n - 3 scrolls of identify
 p - a scroll of remove curse
Potions
 d - a potion of might
 j - a potion of magic {unknown}
 o - a potion of berserk rage {unknown}
Comestibles
 e - 7 rations {!d}


   Skills:
 + Level 5.3 Fighting
 + Level 4.3 Maces & Flails
 - Level 3.2 Armour
 - Level 3.2 Shields


You had 4 spell levels left.
You didn't know any spells.
Your spell library contained the following spells:

 Spells                   Type           Power        Failure   Level  Hunger
 Confuse                  Hex            #.......     98%         3    #####..
 Dazzling Orbs            Conj/Hex       #......      98%         3    #####..
 Petrify                  Tmut/Erth      #.........   100%        4    ######.
 Yara's Violent Unravell  Hex/Tmut       #.........   100%        4    ######.
 Metabolic Englaciation   Hex/Ice        #.........   100%        5    #######
 Mana Rupture             Conj/Hex       #.........   100%        7    #######


Dungeon Overview and Level Annotations

Branches:
Dungeon (4/12)
 Temple: D:4-7

Altars:
Ashenzari
Elyvilon
Gozag
Okawaru

Shops:
D:4 }


Innate Abilities, Weirdness & Mutations

You are resistant to torment.
Your stone body is resilient. (AC +4)
You are immune to poison.
You resist negative energy. (rN+)
You are resistant to electric shocks. (rElec)
You can survive without breathing.
You are immune to petrification.
You are immune to rotting.


Message History

The puff of flame hits you.
The giant cockroach bites you but does no damage.
The orc priest barely misses you.
You miss the orc.
The giant cockroach bites you but does no damage.
The orc wizard points at you and mumbles some strange words.
The puff of flame hits you! The orc hits you but does no damage.
The orc priest hits you with a +0 trident of venom.
* * * LOW HITPOINT WARNING * * *
It was a potion of agility.
You feel agile all of a sudden.
The giant cockroach waves its antennae.
The giant cockroach closely misses you.
The orc wizard gestures wildly while chanting.
The orc wizard flickers and vanishes!
Deactivating autopickup; reactivate with Ctrl-A.
The orc hits you but does no damage.
The orc priest invokes the aid of Beogh against you.
Beogh smites you!
You die...

#. #. # ##.# .#
+..####.####
#...........
#.._........
#.#..o(.....
#.#{@o....$. #
#...s....... #
#.#......... #
#.#......... #
#.############## #
#.# #......# #
#.#######.^....######
#>......'............
#########......######


You could see an orc priest, an orc and a giant cockroach.

Vanquished Creatures
  6 adders
  A river rat (D:3)
  An ooze (D:2)
  6 worms
  A dart slug (D:3)
  4 leopard geckos
  9 orcs
  7 giant cockroaches
  5 goblins
  10 hobgoblins
  3 jackals (D:1)
  2 quokkas (D:3)
  A ball python (D:1)
  10 bats
  6 frilled lizards
  12 kobolds
  10 rats
94 creatures vanquished.

Notes
Turn   | Place    | Note
-------+----------+-------------------------------------------
     0 | D:1      | Faustar the Gargoyle Fighter began the quest for the Orb.
     0 | D:1      | Reached XP level 1. HP: 14/14 MP: 1/1
    72 | D:1      | Reached XP level 2. HP: 10/19 MP: 2/2
   388 | D:1      | Reached XP level 3. HP: 24/24 MP: 3/3
   449 | D:1      | Reached skill level 4 in Fighting
  1136 | D:2      | Reached XP level 4. HP: 29/30 MP: 4/4
  1790 | D:2      | Found a shattered altar of Ashenzari.
  1968 | D:3      | Found an opulent altar of Gozag.
  2023 | D:3      | Reached XP level 5. HP: 34/34 MP: 5/5
  2070 | D:3      | Reached skill level 5 in Fighting
  2855 | D:4      | Found Plog's Gadget Shoppe.
  2863 | D:4      | Found an iron altar of Okawaru.
  3047 | D:4      | Found a white marble altar of Elyvilon.
  3060 | D:4      | Killed from afar by an orc priest

Skill      XL: |  1  2  3  4  5 |
---------------+----------------+-----
Fighting       | 4 5 |  5.3
Maces & Flails | 3 4 |  4.3
Armour         | |  3.2
Shields        | |  3.2

Action                   |  1- 3 |  4- 6 || total
-------------------------+-------+-------++-------
Melee: Flail             |   191 |   249 ||   440
  Use: Scroll            |       |     4 ||     4
       Potion            |       |     1 ||     1
  Eat: Chunk             |     7 |    14 ||    21
Armor: Scale mail        |   142 |   181 ||   323
Dodge: Dodged            |   139 |   136 ||   275
